 Dungeon Crawl Stone Soup version 0.30-a0-39-g42789b21ef (webtiles) character file.

Game seed: 15932643312952092510

19369 Newt the Basher (level 12, -3/88 HPs)
             Began as a Demonspawn Gladiator on Aug 26, 2022.
             Was an Initiate of Gozag.
             Slain by a skeletal warrior
             ... wielding a +0 flail
              (21 damage)
             ... on level 12 of the Dungeon on Aug 28, 2022.
             The game lasted 00:22:02 (16951 turns).

Newt the Basher (Demonspawn Gladiator)             Turns: 16951, Time: 00:22:02

Health: -3/88      AC: 10    Str: 26    XL:     12   Next: 35%
Magic:  12/12      EV: 15    Int:  9    God:    Gozag
Gold:   761        SH:  0    Dex: 19    Spells: 11/11 levels left

rFire   x . .      SeeInvis .    E - +6 demon whip (freeze)
rCold   + + .      Faith    .    (no shield)
rNeg    . . .      Spirit   .    v - +0 acid dragon scales
rPois   .          Reflect  .    (helmet restricted)
rElec   .          Harm     .    (no cloak)
rCorr   +          Rampage  +    (no gloves)
Will    .....                    (no boots)
Stlth   +.........               N - amulet of Gucih {RegenMP Rampage Dex+4}
HPRegen 0.24/turn                y - ring of protection from cold
MPRegen 0.66/turn                O - ring "Qisuci" {Ice Str+6 Stlth-}

@: studying 3 skills
A: horns 2, thin metallic scales 1, spiny 1, magic regeneration
a: Renounce Religion, Potion Petition, Call Merchant, Bribe Branch


You were on level 12 of the Dungeon.
You worshipped Gozag.
Gozag was pleased with you.
You visited 2 branches of the dungeon, and saw 13 of its levels.

You collected 2088 gold pieces.
You spent 360 gold pieces at shops.
You paid 967 gold pieces to Gozag.

Inventory:

Hand Weapons
 a - a +0 rapier of protection
 i - a +5 whip of electrocution
 D - a +2 whip of freezing
 E - a +6 demon whip of freezing (weapon)
Missiles
 d - 3 throwing nets
 e - a javelin (quivered)
 q - 10 poisoned darts
Armour
 b - a +1 leather armour
 c - a +0 helmet
 v - +0 acid dragon scales (worn)
 P - a +1 ring mail of fire resistance
Jewellery
 j - an amulet of regeneration
 y - a ring of protection from cold (left hand)
 I - a ring of flight
 J - an amulet of reflection
 K - a ring of fire
 M - an amulet of guardian spirit
 N - the amulet of Gucih (around neck) {RegenMP Rampage Dex+4}
   (You acquired it on level 11 of the Dungeon)

   [amulet of magic regeneration]

   It increases your rate of magic regeneration.
   Dex:       It affects your dexterity (+4).
   Rampage:   It bestows one free step when moving towards enemies.
 O - the ring "Qisuci" (right hand) {Ice Str+6 Stlth-}
   (You found it on level 11 of the Dungeon)

   [ring of ice]

   It enhances your ice magic.
   Str:       It affects your strength (+6).
   rF:        It makes you vulnerable to fire.
   rC:        It protects you from cold.
   Stlth:     It makes you less stealthy.
 Q - a ring of resist corrosion
Wands
 A - a wand of roots (10)
 C - a wand of polymorph (2)
 F - a wand of quicksilver (14)
 H - a wand of flame (9)
Scrolls
 g - 9 scrolls of teleportation
 p - 5 scrolls of immolation
 r - 2 scrolls of silence
 s - 2 scrolls of butterflies
 B - a scroll of brand weapon
 L - 2 scrolls of blinking
Potions
 f - 3 potions of curing
 h - 2 potions of invisibility
 k - a potion of ambrosia
 l - 4 potions of flight
 m - a potion of cancellation
 n - 5 potions of attraction
 o - 4 potions of haste
 t - 5 potions of brilliance
 u - 2 potions of degeneration
 w - 2 potions of lignification {unknown}
 x - 2 potions of mutation {unknown}
 z - a potion of resistance {unknown}
 G - 2 potions of magic {unknown}
Miscellaneous
 R - a piece from Xom's chessboard (15/15)


   Skills:
 - Level 6.1 Fighting
 - Level 2.6 Short Blades
 - Level 10.0 Maces & Flails
 + Level 4.9 Throwing
 - Level 10.0 Armour
 + Level 6.2 Dodging
 - Level 2.0 Stealth
 - Level 9.3 Shields


You had 11 spell levels left.
You didn't know any spells.
Your spell library contained the following spells:

 Spells                   Type           Power      Damage    Failure   Level
 Magic Dart               Conj           0%         1d3       43%         1
 Searing Ray              Conj           0%         2d4       56%         2
 Sublimation of Blood     Necr           0%         N/A       56%         2
 Wereblood                Tmut           0%         N/A       56%         2
 Call Canine Familiar     Summ           0%         N/A       80%         3
 Portal Projectile        Hex/Tloc       0%         N/A       80%         3
 Anguish                  Hex/Necr       0%         N/A       99%         4
 Fulminant Prism          Conj/Hex       0%         3d6       99%         4
 Leda's Liquefaction      Hex/Erth       0%         N/A       99%         4
 Lee's Rapid Deconstruct  Erth           0%         3d5*      100%        5
 Statue Form              Tmut/Erth      0%         N/A       100%        6
 Enfeeble                 Hex            0%         N/A       100%        7
 Summon Hydra             Summ           0%         N/A       100%        7


Dungeon Overview and Level Annotations

Branches:
Dungeon (12/15)            Temple (1/1) D:7            Lair (0/5) D:8
    Orc (0/2) D:10

Altars:
Ashenzari
Cheibriados
Dithmenos
Fedhas
Gozag
Hepliaklqana
Kikubaaqudgha
Makhleb
Nemelex Xobeh
Okawaru
Qazlal
Ru
Sif Muna
Trog
Uskayaw
Vehumet
Wu Jian
Xom
Yredelemnul

Shops:
D:7 [   D:9 =

Portals:
Trove: D:10 (give 4 potions of resistance)

Annotations:
D:2 Jessica
D:6 2 transporters, AGayBaby's ghost, weakling SpDe
D:7 exclusion: statue


Innate Abilities, Weirdness & Mutations

You have a pair of horns on your head.
You are partially covered in thin metallic scales. (AC +2)
You are partially covered in sharp spines.
You regenerate magic rapidly.


Message History

The centaur shoots an arrow.
The arrow closely misses you.
You rampage towards the centaur!
The centaur is distracted by your dazzling golden aura.
You rampage towards the centaur!
The centaur shouts!
You hit the centaur. You freeze the centaur.
The centaur is no longer distracted by gold.
The centaur is lightly wounded.
The centaur unwields a +0 vorpal shortbow.
The centaur is struck by your spines. The centaur closely misses you.
The centaur barely misses you.
You whack the centaur! You freeze the centaur. You headbutt the centaur.
You kill the centaur!
You now have 761 gold pieces (gained 13).
You see here a +0 vorpal shortbow.
Okay, then. 2 skeletal warriors come into view.
The skeletal warrior moves out of view.
A skeletal warrior comes into view.
It is wielding a +2 halberd of protection.
Found 19 gold pieces.
You hear the loud beating of a drum nearby.
You whack the skeletal warrior! You freeze the skeletal warrior.
The skeletal warrior is lightly damaged.
The skeletal warrior is struck by your spines.
The skeletal warrior hits you with a +0 flail!
* * * LOW HITPOINT WARNING * * *
You whack the skeletal warrior! You freeze the skeletal warrior.
Your headbutt misses the skeletal warrior.
The skeletal warrior is moderately damaged.
You whack the skeletal warrior! You freeze the skeletal warrior.
The skeletal warrior is heavily damaged.
The skeletal warrior hits you with a +0 flail.
* * * LOW HITPOINT WARNING * * *
You hit the skeletal warrior but do no damage.
The skeletal warrior is heavily damaged.
You whack the skeletal warrior! You freeze the skeletal warrior.
The skeletal warrior is almost destroyed.
The skeletal warrior hits you with a +0 flail!!
You die...
Your body crumbles into a pile of gold.

.... #.z# #..#
#..# ####..#
#.z...# #z###.#
#z# ... #@# ####
#.# $ #.# ###
#.#########..
#........##.######
########.##.##....
#.##.##.###
#.##.##.#
#.......#


You could see 3 skeletal warriors.

Vanquished Creatures
  2 boulder beetles
  A centaur warrior (D:8)
  6 two-headed ogres
  Sonja (D:11)
  A deep elf pyromancer (D:7)
  Pikel (D:8)
  A harpy (shapeshifter) (D:9)
  3 ugly things
  A manticore (D:11)
  A cyclops (D:11)
  An elephant (D:8)
  A komodo dragon (D:12)
  3 trolls
  Grinder (D:6)
  2 shadows
  A vampire (D:10)
  2 wraiths
  2 wyverns (D:8)
  9 yaks
  A basilisk (D:8)
  5 vampire mosquitoes
  A steam dragon (D:10)
  4 acid dragons
  An ice beast (D:7)
  2 black bears (D:8)
  4 orc warriors
  An ogre (D:7)
  10 centaurs
  2 lemures (D:8)
  2 phantoms (D:10)
  2 kobold brigands
  2 bullfrogs
  A gnoll sergeant (D:11)
  2 necrophages (D:5)
  A bullfrog (shapeshifter) (D:11)
  5 scorpions
  15 wights
  9 killer bees
  11 howler monkeys
  4 hounds
  3 jellies
  7 orc priests
  Natasha (twice) (D:2)
  Terence (D:2)
  10 orc wizards
  An iguana (D:5)
  6 ogre zombies (D:10)
  6 gnolls
  7 adders
  A shadow imp (D:4)
  3 white imps
  3 ufetubi
  3 worms
  3 dart slugs
  36 orcs
  3 ball pythons
  8 bats
  12 endoplasms
  3 giant cockroaches
  7 goblins
  7 hobgoblins
  6 quokkas
  3 frilled lizards
  A goblin skeleton (D:10)
  4 goblin zombies (D:10)
  2 hobgoblin zombies (D:10)
  12 kobolds
  2 orc skeletons (D:10)
  10 orc zombies (D:10)
  2 rats (D:1)
299 creatures vanquished.

Vanquished Creatures (others)
  An orc wizard (D:10)
  8 demonic plants (D:4)
  2 plants (D:8)
11 creatures vanquished.

Grand Total: 310 creatures vanquished

Notes
Turn   | Place    | Note
-------+----------+-------------------------------------------
     0 | D:1      | Newt the Demonspawn Gladiator began the quest for the Orb.
     0 | D:1      | Reached XP level 1. HP: 16/16 MP: 1/1
    91 | D:1      | Reached skill level 1 in Stealth
   216 | D:1      | Gained mutation: You regenerate magic rapidly. [demonic
                  | ancestry]
   216 | D:1      | Reached XP level 2. HP: 22/22 MP: 2/2
   503 | D:1      | Reached skill level 1 in Maces & Flails
   568 | D:2      | Gained mutation: You are partially covered in thin metallic
                  | scales. (AC +2) [demonic ancestry]
   568 | D:2      | Reached XP level 3. HP: 27/27 MP: 3/3
   639 | D:2      | Found a faded altar of an unknown god.
   735 | D:2      | Noticed Terence
   739 | D:2      | Killed Terence
   740 | D:2      | Gained mutation: You have a pair of small horns on your
                  | head. [demonic ancestry]
   740 | D:2      | Reached XP level 4. HP: 33/33 MP: 4/4
   989 | D:2      | Noticed Natasha
   999 | D:2      | Killed Natasha
  1090 | D:2      | Noticed Natasha
  1095 | D:2      | Killed Natasha
  1096 | D:2      | Reached XP level 5. HP: 35/38 MP: 5/5
  1200 | D:2      | Noticed Jessica
  1201 | D:2      | You fall into a shaft and drop 2 floors!
  3071 | D:4      | Reached XP level 6. HP: 47/48 MP: 6/6
  3470 | D:4      | Found an iron altar of Okawaru.
  3624 | D:5      | Entered Level 5 of the Dungeon
  3849 | D:5      | Reached skill level 5 in Maces & Flails
  4126 | D:5      | Gained mutation: You have a pair of horns on your head.
                  | [demonic ancestry]
  4126 | D:5      | Reached XP level 7. HP: 52/54 MP: 7/7
  4692 | D:5      | Reached skill level 1 in Armour
  4896 | D:5      | Reached XP level 8. HP: 19/60 MP: 8/8
  5797 | D:6      | Identified the +2 spear of Xom's Hatred {antimagic, Str+4}
  5854 | D:6      | Reached skill level 5 in Dodging
  6263 | D:6      | Found a transporter.
  6263 | D:6      | Found a transporter.
  6266 | D:6      | Noticed AGayBaby's ghost (weakling SpDe)
  6275 | D:6      | Noticed Grinder
  6285 | D:6      | Killed Grinder
  6669 | D:7      | HP: 2/60 [something (27)]
  6974 | D:7      | Reached XP level 9. HP: 65/65 MP: 9/9
  7000 | D:7      | Found a staircase to the Ecumenical Temple.
  7017 | Temple   | Entered the Ecumenical Temple
  7054 | Temple   | Became a worshipper of Gozag Ym Sagoz the Greedy
  7083 | D:7      | Found Inaps's Antique Armour Boutique.
  7173 | D:7      | Reached skill level 5 in Fighting
  7286 | D:7      | Noticed a red ugly thing
  7287 | D:7      | Noticed a purple ugly thing
  7292 | D:7      | Noticed a two-headed ogre
  7301 | D:7      | Killed a red ugly thing
  7307 | D:7      | Killed a two-headed ogre
  7310 | D:7      | Killed a green ugly thing
  7311 | D:7      | Reached skill level 10 in Maces & Flails
  7369 | D:7      | Noticed a deep elf pyromancer
  7376 | D:7      | Killed a deep elf pyromancer
  7377 | D:7      | Reached skill level 5 in Armour
  7377 | D:7      | Reached XP level 10. HP: 44/76 MP: 10/10
  8349 | D:7      | Identified the +6 war axe of Honour {vamp, rPois Str+3}
  8696 | D:7      | Found a radiant altar of Vehumet.
  8767 | D:8      | Found a staircase to the Lair.
  8767 | D:8      | Noticed an elephant
  8767 | D:8      | Noticed Pikel
  8786 | D:8      | Reached skill level 1 in Shields
  8832 | D:8      | Killed Pikel
  9065 | D:8      | Killed an elephant
  9352 | D:8      | Reached skill level 5 in Shields
  9418 | D:8      | Noticed a centaur warrior
  9439 | D:8      | Killed a centaur warrior
  9887 | D:8      | Gained mutation: You are partially covered in sharp spines.
                  | [demonic ancestry]
  9887 | D:8      | Reached XP level 11. HP: 42/81 MP: 11/11
 10089 | D:8      | Found an ornate altar of the Wu Jian Council.
 10359 | D:8      | Identified a scroll of acquirement
 10359 | D:8      | Acquired a +6 demon whip of flaming
 10520 | D:9      | Noticed a harpy
 10524 | D:9      | Killed a harpy
 10527 | D:9      | Noticed a two-headed ogre
 10534 | D:9      | Killed a two-headed ogre
 11171 | D:9      | Noticed a two-headed ogre
 11177 | D:9      | Killed a two-headed ogre
 11250 | D:9      | Noticed a two-headed ogre
 11352 | D:9      | Killed a two-headed ogre
 11938 | D:9      | Noticed a two-headed ogre
 11948 | D:9      | Killed a two-headed ogre
 12238 | D:9      | Bought an amulet of reflection for 360 gold pieces
 12656 | D:10     | Entered Level 10 of the Dungeon
 12665 | D:10     | Noticed a two-headed ogre
 12682 | D:10     | Killed a two-headed ogre
 12750 | D:10     | Found a staircase to the Orcish Mines.
 14882 | D:10     | Found a portal to a secret trove of treasure.
 15000 | D:11     | Noticed Sonja
 15007 | D:11     | Killed Sonja
 15173 | D:11     | Reached XP level 12. HP: 50/88 MP: 12/12
 15745 | D:11     | Identified the ring "Qisuci" {Ice Str+6 Stlth-}
 15867 | D:11     | Noticed a boulder beetle
 15883 | D:11     | Killed a boulder beetle
 16083 | D:11     | Acquired the amulet of Gucih {RegenMP Rampage Dex+4}
 16189 | D:11     | Reached skill level 10 in Armour
 16189 | D:11     | Upgraded the game from 0.30-a0-29-g142975f185 to
                  | 0.30-a0-39-g42789b21ef
 16630 | D:12     | Acquired a manual of Dodging
 16671 | D:12     | Noticed a boulder beetle
 16743 | D:12     | Killed a boulder beetle
 16951 | D:12     | Slain by a skeletal warrior

Illustrated notes

Levels and vault maps discovered:
D:1:      lemuel_arrival_hallway, layout_rooms, serial_glass, glass_columns_a,
          glass_columns_a, glass_columns_c, glass_columns_a, glass_columns_a,
          glass_columns_b, minmay_pentomino_u2
D:2:      layout_basic, ebering_ecumenical_altar_mist, uniq_natasha,
          uniq_jessica, uniq_terence
D:3:      layout_loops_ring, kennysheep_orc_chapel
D:4:      layout_basic, okawaru_trees_2, serial_demonic, serial_demonic_g,
          serial_demonic_e, serial_demonic_g, serial_demonic_a
D:5:      kennysheep_spiral_hall, layout_layer_cave, minmay_manual_mullet
D:6:      layout_gridville, gammafunk_ghost_arena, kennysheep_diamond,
          uniq_grinder
D:7:      minmay_the_grid_plus [minmay_the_grid_empty, minmay_the_grid_empty,
          minmay_the_grid_dragon_b, minmay_the_grid_empty,
          minmay_the_grid_prize_inner_circle], layout_loops_corners,
          vehumet_statue, minmay_temple_entry_slanted, serial_shops,
          nicolae_shop_hallway_plus
D:8:      layout_loops_ring, nicolae_wu_jian_wuxing_cycle, david_lair_generic,
          minmay_manual_moon, uniq_pikel
D:9:      layout_basic
D:10:     layout_irregular_city, zombieorc1_lemuel, nicolae_trove_entry_columns
D:11:     minmay_wavy_crystal, layout_basic, uniq_sonja
D:12:     layout_basic, gauntlet_entry_generic
Temple:   hellmonk_temple_of_storms

Skill      XL: |  1  2  3  4  5  6  7  8  9 10 11 12 |
---------------+-------------------------------------+-----
Stealth        | 1 2 |  2.0
Maces & Flails | 1 2 3 4 5 6 8 10 | 10.0
Fighting       | 4 6 |  6.1
Armour         | 4 5 6 9 10 | 10.0
Dodging        | 3 5 6 |  6.2
Throwing       | 4 |  4.9
Shields        | 6 9 |  9.3
Short Blades   | |  2.6

Action                   |  1- 3 |  4- 6 |  7- 9 | 10-12 || total
-------------------------+-------+-------+-------+-------++-------
Melee: Whip              |    68 |   187 |   212 |   183 ||   650
       Rapier            |     2 |       |       |       ||     2
       Headbutt          |       |    23 |    41 |   122 ||   186
       Punch             |       |     1 |     2 |     4 ||     7
       Demon whip        |       |       |       |   349 ||   349
Throw: Dart              |       |       |     7 |     1 ||     8
       Javelin           |       |       |     1 |       ||     1
       Throwing net      |       |       |       |     6 ||     6
Invok: Call Merchant     |       |       |       |     1 ||     1
  Use: Scroll            |     3 |    11 |     3 |    13 ||    30
       Potion            |       |     1 |     4 |     5 ||    10
 Stab: Sleeping          |     2 |     6 |     1 |     4 ||    13
       Distracted        |       |       |       |     7 ||     7
       Held in net/web   |       |       |       |     5 ||     5
Armor: Leather armour    |    38 |    44 |    27 |       ||   109
       Acid dragon scale |       |       |    36 |   106 ||   142
Dodge: Dodged            |    54 |    85 |    96 |   189 ||   424
Block: Other             |       |       |       |    24 ||    24

Table legend: (Time is in decaauts)
 A = Elapsed time spent in this place.
 B = Non-inter-level travel time spent in this place.
 C = Inter-level travel time spent in this place.
 D = Time resting spent in this place.
 E = Time spent auto-exploring this place.
 F = Levels seen in this place.
 G = Mean time per level.
                   A        B        C        D        E       F      G
               +--------+--------+--------+--------+--------+-----+--------+
         Total |  16725 |  16323 |    402 |   4911 |   9334 |  13 | 1286.5 |
       Dungeon |  16676 |  16289 |    387 |   4911 |   9316 |  12 | 1389.7 |
        Temple |     48 |     33 |     15 |      0 |     18 |   1 |   48.0 |
               +--------+--------+--------+--------+--------+-----+--------+

Top non-repeatable levels by time:
    D:10: 2284 daAuts
     D:9: 2102 daAuts
     D:5: 2093 daAuts
     D:7: 2001 daAuts
     D:8: 1732 daAuts
    D:11: 1607 daAuts
     D:3: 1444 daAuts
     D:4: 966 daAuts
     D:6: 926 daAuts
     D:2: 660 daAuts
     D:1: 550 daAuts
    D:12: 307 daAuts
  Temple: 48 daAuts
